 Dungeon Crawl Stone Soup version 0.28.0 (webtiles) character file.

Game seed: 12807228493398789634

51 ospish the Shield-Bearer (level 3, 0/23 HPs)
             Began as a Gargoyle Fighter on Feb 4, 2022.
             Slain by a gnoll (5 damage)
             ... on level 2 of the Dungeon on Feb 5, 2022.
             The game lasted 00:08:06 (1311 turns).

ospish the Shield-Bearer (Gargoyle Fighter)         Turns: 1311, Time: 00:08:07

Health: 0/23       AC: 10    Str: 21    XL:     3   Next: 81%
Magic:  3/3        EV:  9    Int:  8    God:
Gold:   58         SH:  4    Dex:  9    Spells: 1/2 levels left

rFire   . . .      SeeInvis .   a - +0 long sword
rCold   . . .      Faith    .   c - +0 buckler
rNeg    + . .      Spirit   .   b - +0 scale mail
rPois   ∞          Reflect  .   (no helmet)
rElec   +          Harm     .   (no cloak)
rCorr   .          Rampage  .   (no gloves)
Will    .....                   (no boots)
Stlth   ..........              (no amulet)
HPRegen 0.07/turn               (no ring)
MPRegen 0.08/turn               (no ring)

@: no status effects
A: sickness immunity, AC +3, negative energy resistance 1, electricity
resistance, torment resistance 1, petrification resistance
a: no special abilities


You were on level 2 of the Dungeon.
You visited 1 branch of the dungeon, and saw 2 of its levels.

You collected 58 gold pieces.

Inventory:

Hand Weapons
 a - a +0 long sword (weapon)
Armour
 b - a +0 scale mail (worn)
 c - a +0 buckler (worn)
 l - a +0 pair of boots
Scrolls
 e - a scroll of blinking {unknown}
 i - a scroll of enchant armour {unknown}
 j - 2 scrolls of identify {unknown}
 k - a scroll of fear {unknown}
Potions
 d - a potion of might
 f - a potion of cancellation {unknown}
 g - a potion of haste {unknown}
 h - 4 potions of lignification {unknown}


   Skills:
 - Level 3.2 Fighting
 + Level 1.7 Long Blades
 + Level 3.9 Armour
 - Level 1.3 Dodging
 - Level 4.0 Shields
 + Level 0.0 Earth Magic


You had one spell level left.
You knew the following spells:

 Your Spells              Type           Power      Damage    Failure   Level
a - Sandblast             Erth           0%         2d4       83%         1

Your spell library contained the following spells:

 Spells                   Type           Power      Damage    Failure   Level
 Passwall                 Tmut/Erth      0%         N/A       92%         2
 Stone Arrow              Conj/Erth      0%         3d7       99%         3


Dungeon Overview and Level Annotations

Branches:
Dungeon (2/15)

Altars:

Shops:
D:1 *


Innate Abilities, Weirdness & Mutations

You are immune to sickness and miasma.
Your stone body is resilient. (AC +3)
You are immune to poison.
You resist negative energy. (rN+)
You are resistant to electric shocks. (rElec)
You are resistant to unholy torment.
You are immune to petrification.


Message History

You slash the gnoll!
The gnoll is almost dead.
The gnoll hits you with a +0 club. You block the gnoll's attack.
You hit the gnoll.
You kill the gnoll!
You completely miss the gnoll. The gnoll hits you but does no damage.
You block the gnoll's attack.
You slash the gnoll!
The gnoll is severely wounded.
The gnoll closely misses you.
You closely miss the gnoll.
The gnoll is severely wounded.
You block the gnoll's attack.
You slash the gnoll!
You kill the gnoll!
Your Shields skill increases to level 4!
You completely miss the gnoll. The gnoll hits you but does no damage.
You hit the gnoll.
The gnoll is moderately wounded.
The gnoll hits you with a +0 spear.
* * * LOW HITPOINT WARNING * * *
The gnoll hits you with a +0 spear.
* * * LOW HITPOINT WARNING * * *
The gnoll hits you but does no damage.
The gnoll throws a throwing net.
The throwing net hits you.
You become entangled in the net!
You see here a throwing net.
You tear a large gash into the net.
You struggle against the net.
The gnoll hits you but does no damage.
You rip the net and break free!
You block the gnoll's attack.
A rat comes into view.
Found 8 gold pieces.
Found a stone staircase leading down.
The gnoll closely misses you.
A worm comes into view.
Found 7 gold pieces.
You see here 7 gold pieces.
You open the door.
The jackal barks!
The gnoll hits you from afar with a +0 spear.
You die...

#.# # ..# #.# .# #.#
#.# ># #.# #### #.###
##.###.###.. ....
...........#####.###.#
....##.###.rg..g.....#
....##.....w####.###.#
............# #@#
....######.## #'#
....# #.# ..# ....#
#.# ##8# .#### #.# [h#
.# #.# #.# g# #.# #h.
#.## #### #._ ##.#
#..#


You could see a gnoll and 2 jackals.

Vanquished Creatures
  2 gnolls (D:2)
  2 dart slugs (D:1)
  2 ball pythons (D:1)
  3 bats (D:1)
  4 goblins (D:1)
  4 hobgoblins
  4 quokkas
  2 frilled lizards (D:1)
  A kobold (D:1)
  2 rats (D:1)
26 creatures vanquished.

Notes
Turn   | Place    | Note
-------+----------+-------------------------------------------
     0 | D:1      | ospish the Gargoyle Fighter began the quest for the Orb.
     0 | D:1      | Reached XP level 1. HP: 14/14 MP: 1/1
    19 | D:1      | Upgraded the game from 0.28-b1-78-gc65acfa365 to 0.28.0
   144 | D:1      | Reached XP level 2. HP: 14/19 MP: 2/2
   312 | D:1      | Found Caxzy's Assorted Antiques.
   720 | D:1      | Reached skill level 1 in Dodging
   751 | D:1      | Reached XP level 3. HP: 23/23 MP: 3/3
   759 | D:1      | Learned a level 1 spell: Sandblast
  1285 | D:2      | Reached skill level 4 in Shields
  1311 | D:2      | Found a faded altar of an unknown god.
  1311 | D:2      | Slain by a gnoll

Illustrated notes

Levels and vault maps discovered:
D:1:      dpeg_arrival_circle_labyrinth_b, layout_rooms, serial_shops,
          nicolae_shop_trees, serial_forest, infiniplex_forest_clump_double,
          infiniplex_forest_clump_curved, infiniplex_forest_clump_diagonal,
          infiniplex_forest_lined_3_way, infiniplex_forest_pool,
          infiniplex_forest_clump_large, infiniplex_forest_clump_tiny,
          infiniplex_forest_lined_room_2, grunt_decor_mini_mirrors
D:2:      layout_loops_ring, shapermc_ecumenical_altar_ellora,
          amcnicky_mini_pool_small, uniq_robin, uniq_terence

Skill      XL: |  1  2  3 |
---------------+----------+-----
Dodging        | 1 |  1.3
Shields        | 4 |  4.0
Fighting       | |  3.2
Long Blades    | |  1.7
Armour         | |  3.9

Action                   || total
-------------------------++-------
Melee: Long sword        ||    90
Armor: Scale mail        ||    66
Dodge: Dodged            ||    64
Block: Buckler           ||    25
